Map: [ESL] Royal Blood

Players

Kelazhur

  • Race: Terran Terran
  • Spawn Location: 7:00

Scarlett - Winner!

  • Race: Zerg Zerg
  • Spawn Location: 1:00

Event: ESL SC2 Masters 2023 Summer (Regionals)

VOD

Have the link to the VOD?

Description

Time

  • Played on: May 20, 2023, 3:31 p.m.
  • Length: 22:29

All games in this series

Show
View Real Time Build Order
Export as new Build Order

Kelazhur Terran 

Build Orders:  

Get SALT Encoding   

  12  0:00  SCV  
  13  0:12  SCV  
  14  0:17  Supply Depot  
  14  0:24  SCV  
  15  0:40  Barracks  
  15  0:50  Barracks  
  15  1:04  Barracks  
  15  1:06  SCV  
  16  1:18  SCV  
  17  1:27  Marine  
  17  1:30  Orbital Command  
  18  1:37  Marine  
  18  1:39  Supply Depot  
  19  1:44  Marine  
  20  1:51  Marine  
  21  1:55  Bunker  
  21  1:58  Marine  
  22  2:03  SCV  
  22  2:07  Marine  
  24  2:09  Marine  
  24  2:15  SCV  
  26  2:18  Marine  
  27  2:24  Marine  
  27  2:27  SCV, Supply Depot  
  29  2:32  Marine  
  29  2:35  Marine  
  30  2:39  SCV  
  31  2:49  Marine x2  
  32  2:51  SCV  
  32  2:53  Marine  
  31  3:03  SCV  
  31  3:04  Refinery  
  32  3:07  Marine x2  
  34  3:15  Bunker  
  34  3:16  SCV, Marine  
  35  3:28  SCV  
  35  3:40  SCV  
  32  3:52  SCV, Refinery  
  31  4:01  Command Center  
  27  4:04  SCV  
  27  4:09  Bunker  
  28  4:15  Factory  
  28  4:16  SCV  
  29  4:23  Marine  
  30  4:26  Supply Depot  
  30  4:28  SCV, Marine  
  32  4:33  Marine  
  33  4:41  SCV, Marine  
  34  4:53  SCV  
  34  4:57  Supply Depot  
  34  4:58  Factory Tech Lab  
  35  5:01  Supply Depot  
  35  5:07  Supply Depot  
  35  5:13  SCV  
  36  5:14  Orbital Command  
  36  5:19  Cyclone  
  39  5:25  SCV, Barracks Tech Lab  
  40  5:31  Barracks Tech Lab  
  40  5:32  Barracks Reactor  
  40  5:37  SCV  
  40  5:41  Orbital Command  
  41  5:43  Marine  
  41  5:44  Stimpack  
  41  5:49  Marine, Combat Shield, SCV  
  44  5:58  Siege Tank  
  44  6:01  SCV  
  48  6:04  Marine  
  48  6:07  Marine, SCV  
  51  6:13  SCV  
  51  6:14  Marine x2  
  51  6:15  Supply Depot  
  54  6:18  Command Center  
  54  6:20  SCV  
  55  6:26  SCV, Marine x2  
  58  6:33  SCV  
  58  6:34  Starport, Marine  
  58  6:36  Factory Reactor  
  58  6:38  SCV  
  61  6:40  Supply Depot  
  61  6:41  Marine  
  61  6:44  Marine  
  61  6:45  SCV  
  64  6:49  Refinery  
  64  6:50  Marine, SCV  
  64  6:52  Refinery  
  66  6:57  SCV, Marine  
  66  6:59  Marine  
  69  7:02  SCV  
  69  7:04  Supply Depot  
  70  7:09  SCV, Supply Depot  
  70  7:14  SCV  
  72  7:20  Medivac x2  
  72  7:21  SCV  
  72  7:22  Marine x2  
  78  7:25  Marine  
  78  7:26  Marine, SCV  
  78  7:29  Siege Tank  
  84  7:32  Orbital Command  
  84  7:33  SCV  
  85  7:38  SCV  
  85  7:39  Engineering Bay x2  
  86  7:45  Marine x3  
  86  7:47  SCV  
  86  7:50  SCV  
  91  7:52  Orbital Command, Medivac x2, Supply Depot  
  91  7:54  Marine  
  96  7:59  SCV  
  96  8:03  Marine, SCV  
  96  8:05  Terran Infantry Weapons Level 1, Terran Infantry Armor Level 1  
  99  8:10  Marine x2  
  99  8:11  SCV  
  99  8:12  Supply Depot  
  102  8:13  Siege Tank  
  102  8:17  Marine  
  106  8:20  SCV, Marine  
  106  8:22  SCV  
  106  8:27  SCV  
  110  8:28  Marine x2  
  110  8:32  SCV  
  113  8:35  Marine  
  113  8:37  Barracks  
  113  8:39  Barracks  
  113  8:40  Armory  
  114  8:43  SCV  
  114  8:44  SCV  
  114  8:47  Siege Tank  
  119  8:49  SCV  
  119  8:52  Marine x2  
  119  8:53  Marine  
  119  8:55  SCV  
  124  8:56  SCV  
  125  9:04  Supply Depot  
  125  9:07  SCV, Marine  
  125  9:21  Supply Depot  
  125  9:22  Supply Depot  
  125  9:25  Marine x2, SCV x3  
  125  9:26  Marauder  
  133  9:32  Medivac, Barracks Reactor x2  
  133  9:35  Refinery  
  133  9:37  Command Center  
  133  9:42  Medivac  
  133  9:43  Marine, Siege Tank  
  138  9:51  Marauder x2  
  141  9:53  Marine  
  141  9:58  Factory  
  142  10:04  Terran Infantry Weapons Level 2, Concussive Shells  
  140  10:09  Marine  
  140  10:10  Marine x4  
  140  10:11  Refinery, Terran Infantry Armor Level 2  
  140  10:13  Marauder  
  147  10:14  SCV  
  147  10:15  SCV  
  147  10:17  Barracks  
  147  10:18  Barracks, Supply Depot  
  149  10:22  Supply Depot  
  149  10:33  Marine x2  
  148  10:37  Marine  
  148  10:39  Marine x2, Siege Tank  
  148  10:40  Marauder  
  156  10:43  Marauder  
  154  10:52  Marine  
  154  10:53  Marine  
  154  10:56  Medivac x2  
  156  10:57  Factory Reactor  
  156  10:59  SCV x2  
  156  11:02  Marine x3  
  156  11:03  Marine  
  156  11:04  Marauder  
  164  11:09  Supply Depot  
  164  11:11  Barracks Tech Lab  
  163  11:12  Marauder, Barracks Tech Lab  
  163  11:18  SCV  
  166  11:21  Marine x3  
  166  11:24  Marine x3  
  166  11:25  Marauder  
  174  11:27  SCV  
  174  11:29  Siege Tank  
  182  11:32  Marauder  
  182  11:33  Marauder, Planetary Fortress  
  182  11:34  Marauder  
  184  11:40  Medivac x2  
  187  11:49  Marine  
  188  11:56  Marine  
  188  11:57  Marine  
  188  12:03  Marauder  
  188  12:05  Marauder x3  
  188  12:08  Drilling Claws  
  188  12:11  Marine  
  188  12:12  Marine  
  188  12:13  Supply Depot  
  188  12:15  Widow Mine  
  188  12:30  Widow Mine, Terran Vehicle Weapons Level 1, Ghost Academy  
  188  12:31  Marine  
  188  12:32  Marine  
  188  12:34  Sensor Tower  
  188  12:35  Marine, Siege Tank, Marauder x2  
  188  12:36  Command Center  
  196  12:44  Marine  
  196  12:46  Widow Mine, Marauder x2  
  196  12:48  Marine  
  159  12:51  Marine x2  
  159  12:57  Marauder x2  
  159  12:59  Marine x2  
  159  13:00  Terran Infantry Weapons Level 3  
  159  13:03  Marine  
  159  13:04  Widow Mine  
  164  13:06  Marine, Terran Infantry Armor Level 3  
  164  13:07  Widow Mine, Medivac  
  164  13:08  Marauder x2, Medivac  
  164  13:09  Marine  
  164  13:11  Marine  
  177  13:13  Siege Tank  
  177  13:17  Marine x2  
  177  13:18  Marauder  
  183  13:20  Marauder  
  165  13:28  Marine  
  165  13:29  Marauder x2  
  165  13:33  Marine x2  
  166  13:36  Widow Mine x2  
  166  13:39  Marauder  
  166  13:40  Marine  
  166  13:41  Marine, Marauder  
  175  13:43  Medivac x2  
  180  13:51  SCV x3  
  180  13:52  Siege Tank  
  180  13:55  SCV  
  187  13:57  Marauder x2, Marine  
  187  13:58  Marine, Command Center  
  193  14:03  SCV x2  
  193  14:05  Sensor Tower  
  199  14:10  Widow Mine x2  
  199  14:18  Marine  
  168  14:34  Marauder x4, Marine  
  166  14:39  Marine x4  
  166  14:41  Widow Mine x2, Siege Tank  
  166  14:44  Medivac x2  
  179  14:50  Marine  
  179  14:52  Marine  
  179  14:54  Command Center  
  179  14:55  Marauder x3  
  185  15:03  Personal Cloaking  
  187  15:07  Marauder  
  187  15:10  Barracks  
  187  15:11  Barracks  
  187  15:12  Widow Mine x2  
  191  15:14  Medivac x2  
  191  15:16  Marauder  
  191  15:17  Marauder, SCV  
  191  15:18  Terran Vehicle Weapons Level 2  
  200  15:36  Factory  
  200  15:54  Factory  
  194  16:06  Marauder x2  
  194  16:07  Marauder  
  194  16:13  Marine x3, Marauder  
  194  16:14  Orbital Command  
  194  16:17  SCV x2  
  194  16:18  SCV  
  140  16:20  Marine x2  
  140  16:23  Widow Mine x2  
  140  16:24  Factory Tech Lab  
  140  16:25  SCV, Siege Tank, Marine  
  136  16:27  Marine  
  136  16:28  Marauder x2  
  136  16:29  SCV  
  136  16:30  SCV  
  136  16:31  SCV, Marine x3  
  136  16:34  Marine  
  136  16:38  Marine x2, Planetary Fortress  
  133  16:42  SCV  
  133  16:44  Planetary Fortress  
  134  16:47  Marine, Marauder  
  134  16:49  Marine x2  
  134  16:50  Widow Mine x2  
  134  16:51  Widow Mine  
  145  16:58  Ghost x2  
  145  17:01  Marine x4  
  149  17:03  Marine x2  
  149  17:05  Marine  
  149  17:06  Ghost  
  149  17:07  Marine  
  149  17:08  Ghost  
  156  17:18  Marine x2  
  156  17:19  Marine  
  146  17:26  Ghost x2  
  146  17:29  SCV x4, Refinery  
  151  17:30  SCV, Command Center, Refinery  
  151  17:35  Ghost  
  151  17:36  Marine x2  
  151  17:37  Marine x3, Marauder  
  155  17:39  Siege Tank  
  155  17:41  SCV  
  164  17:48  Hellbat x2  
  164  17:50  Marine, SCV x2  
  164  17:51  SCV x2  
  172  17:53  SCV  
  172  17:55  SCV  
  172  17:56  Marauder x2, Refinery  
  179  17:59  Refinery  
  179  18:01  Marauder  
  179  18:02  SCV  
  179  18:03  SCV x3  
  179  18:04  Marauder, Medivac, Sensor Tower  
  179  18:05  Marine x7, SCV  
  197  18:08  Marine  
  198  18:16  Marine  
  198  18:17  Marine  
  188  18:21  Orbital Command, Factory Tech Lab  
  188  18:22  Marine x2  
  188  18:23  Marine x2  
  188  18:25  Marauder, Command Center  
  188  18:30  Widow Mine x2  
  182  18:35  Marauder x2  
  182  18:41  Marauder  
  174  18:44  Marine x8, Medivac  
  174  18:47  Marauder  
  150  18:56  SCV x2, Marauder x2  
  150  19:02  Widow Mine x4, Marine x4, Marauder  
  169  19:05  SCV x4  
  169  19:08  SCV, Marauder  
  177  19:10  SCV  
  177  19:17  SCV x2  
  177  19:18  Marauder x2  
  177  19:23  Marauder  
  177  19:24  Medivac x2  
  189  19:29  Ghost  
  163  19:36  Marine x3  
  139  19:39  Marauder x2  
  139  19:45  Marauder  
  145  19:46  Siege Tank x2  
  155  19:52  Hellbat  
  155  19:53  Hellbat, Infernal Pre-Igniter  
  155  19:58  Marauder  
  153  20:00  Marauder  
  153  20:01  Marauder, Medivac  
  158  20:12  Marauder  
  134  20:15  Marine x2  
  134  20:16  Marine  
  134  20:18  Medivac  
  134  20:19  Marauder  
  134  20:20  Hellbat x3  
  134  20:21  Hellbat x2  
  151  20:22  Marauder, Refinery x2  
  151  20:23  Marine  
  151  20:24  Marine  
  151  20:25  Marine x4  
  151  20:27  Sensor Tower  
  159  20:31  Medivac  
  159  20:32  Marine  
  159  20:33  Marine x2  
  159  20:34  Marine  
  159  20:35  SCV x5  
  170  20:40  Marine x2  
  170  20:41  Hellbat  
  170  20:42  Marine x3  
  174  20:45  Marine x2  
  174  20:46  Marine  
  174  20:48  Medivac  
  182  20:50  Marine  
  182  20:51  Marine x2  
  182  20:52  Marine, Planetary Fortress  
  186  20:58  Marine  
  186  20:59  Marauder  
  186  21:00  Marine x3, Siege Tank  
  186  21:03  Marine  
  193  21:13  Marauder x2  
  193  21:16  Liberator  
  194  21:18  Liberator  
  197  21:29  Command Center  
  197  21:30  Missile Turret  
  189  21:48  Marine x2, Marauder  
  189  21:49  Marauder x2  
  189  21:53  Marine x3, Marauder  
  182  21:55  Hellbat x3  
  182  21:56  Marine x3  
Show
View Real Time Build Order
Export as new Build Order

Scarlett Zerg - Winner!

Build Orders: Hatch First, Ravager All-In 

Get SALT Encoding   

  12  0:00  Drone  
  13  0:12  Overlord  
  13  0:17  Drone  
  14  0:30  Drone x2  
  16  0:47  Hatchery  
  15  0:51  Drone  
  15  0:54  Drone  
  17  0:57  Drone  
  18  1:09  Extractor  
  17  1:13  Spawning Pool  
  17  1:16  Drone  
  17  1:19  Drone  
  18  1:29  Drone  
  19  1:39  Drone  
  20  1:55  Extractor, Drone  
  20  1:59  Queen  
  24  2:04  Drone  
  24  2:07  Roach Warren  
  24  2:11  Zergling x4  
  24  2:14  Drone  
  27  2:22  Overlord  
  27  2:36  Queen  
  25  2:42  Overlord  
  25  2:47  Roach x4  
  33  2:54  Drone  
  28  3:08  Ravager x3  
  31  3:13  Drone  
  34  3:20  Roach  
  34  3:33  Drone x2  
  34  3:43  Ravager  
  35  3:52  Drone x2  
  34  4:00  Drone  
  32  4:06  Drone  
  32  4:07  Hatchery  
  32  4:12  Ravager  
  33  4:20  Overlord  
  33  4:21  Drone  
  34  4:27  Queen  
  36  4:40  Drone  
  36  4:41  Drone  
  38  4:56  Drone x3  
  41  5:07  Queen  
  41  5:08  Drone  
  41  5:13  Drone  
  45  5:19  Queen  
  47  5:24  Overlord  
  47  5:25  Metabolic Boost  
  47  5:26  Drone  
  48  5:30  Drone  
  49  5:36  Drone  
  49  5:37  Drone x2  
  49  5:39  Overlord  
  52  5:46  Drone x2  
  54  5:51  Zergling x2  
  54  5:52  Hatchery  
  54  5:55  Drone  
  55  6:02  Drone x2  
  57  6:06  Overlord, Queen  
  57  6:10  Lair  
  59  6:12  Drone  
  59  6:15  Drone  
  59  6:17  Drone  
  62  6:18  Drone x2  
  64  6:29  Spore Crawler  
  64  6:32  Zergling x12  
  68  6:37  Evolution Chamber  
  67  6:41  Drone, Evolution Chamber  
  67  6:42  Drone  
  67  6:44  Queen  
  70  6:49  Drone x3  
  73  7:01  Drone  
  73  7:02  Drone, Overlord x2  
  73  7:04  Overlord  
  75  7:13  Zerg Missile Weapons Level 1, Zerg Ground Armor Level 1, Glial Reconstitution  
  75  7:16  Drone  
  75  7:17  Drone  
  75  7:21  Roach  
  75  7:22  Roach x2  
  83  7:26  Overlord  
  82  7:30  Roach x3  
  82  7:35  Overlord  
  88  7:39  Overseer  
  88  7:41  Roach x4  
  95  7:45  Extractor  
  95  7:47  Drone x2  
  96  7:51  Drone  
  96  7:52  Drone  
  98  7:59  Roach x6  
  98  8:02  Overlord  
  98  8:03  Drone x2  
  98  8:05  Extractor  
  111  8:06  Drone  
  111  8:12  Drone x2  
  114  8:14  Extractor  
  114  8:15  Extractor  
  114  8:17  Drone  
  114  8:19  Hatchery  
  115  8:27  Drone x5  
  115  8:32  Drone x7  
  124  8:36  Queen  
  126  8:42  Drone x3  
  129  8:52  Drone  
  129  8:53  Overlord x2  
  130  8:56  Overlord  
  130  8:59  Overlord x3  
  130  9:09  Overlord  
  129  9:18  Roach x7  
  129  9:19  Baneling Nest, Infestation Pit  
  141  9:24  Roach x3  
  141  9:27  Roach x6  
  159  9:44  Hatchery  
  153  9:51  Zerg Melee Weapons Level 1, Zerg Ground Armor Level 2  
  151  10:01  Drone x9  
  151  10:05  Drone  
  151  10:06  Drone x2, Hatchery  
  162  10:10  Hive  
  162  10:14  Centrifugal Hooks  
  162  10:26  Roach x2  
  166  10:32  Hatchery  
  166  10:33  Spore Crawler  
  166  10:35  Hatchery  
  164  10:40  Overlord  
  164  10:41  Overlord  
  162  10:55  Drone x8  
  162  10:56  Drone x10  
  180  10:58  Zergling x2  
  180  11:00  Ravager x4  
  180  11:01  Ravager x3  
  188  11:05  Hatchery  
  188  11:08  Drone  
  188  11:22  Hatchery, Viper x3  
  188  11:25  Adrenal Glands, Spore Crawler  
  195  11:27  Zergling x4  
  197  11:42  Zergling x6  
  199  11:52  Baneling x10  
  199  12:05  Zergling x6  
  198  12:14  Zergling x12  
  195  12:25  Zergling x10  
  195  12:27  Zerg Ground Armor Level 3, Zerg Melee Weapons Level 2  
  200  12:42  Hatchery  
  197  12:50  Roach x18, Zergling x4  
  167  12:59  Zergling x12  
  167  13:00  Baneling x8  
  167  13:03  Baneling x4  
  167  13:05  Zergling x12  
  173  13:09  Zergling x2, Spore Crawler  
  173  13:10  Zergling x4  
  173  13:12  Ravager x2  
  173  13:13  Ravager  
  169  13:21  Zergling x2  
  169  13:22  Zergling x22  
  169  13:26  Zergling x2  
  161  13:28  Pneumatized Carapace  
  161  13:29  Overseer x4  
  161  13:34  Zergling x8  
  159  13:44  Zergling x20  
  159  13:47  Hydralisk Den  
  164  13:52  Hatchery  
  163  13:59  Extractor, Drone x3  
  165  14:04  Ravager x3  
  165  14:05  Ravager  
  165  14:06  Baneling x14  
  165  14:07  Drone x3  
  165  14:08  Zergling x16  
  180  14:11  Baneling x6  
  180  14:18  Zergling x30  
  160  14:31  Zergling x14  
  160  14:37  Queen  
  159  14:41  Muscular Augments  
  156  14:47  Extractor, Drone x3  
  156  14:48  Drone  
  156  14:49  Drone  
  156  14:50  Spore Crawler  
  156  14:52  Hydralisk x6, Baneling x14  
  154  14:55  Zergling x6  
  167  15:00  Drone x6  
  173  15:07  Zerg Melee Weapons Level 3  
  173  15:09  Baneling  
  173  15:10  Baneling x4  
  173  15:15  Zergling x2  
  173  15:16  Zergling x18  
  183  15:22  Queen  
  183  15:24  Overlord x2  
  183  15:26  Zerg Missile Weapons Level 2  
  185  15:33  Zergling x16  
  193  15:38  Overseer x2  
  191  15:52  Grooved Spines  
  186  16:04  Zergling x30  
  186  16:06  Baneling x8  
  190  16:17  Zergling x14  
  190  16:18  Zergling x12  
  186  16:23  Zergling x14  
  157  16:33  Zergling x12  
  157  16:36  Hatchery  
  154  16:41  Baneling x19  
  154  16:42  Drone x13  
  154  16:45  Extractor  
  166  16:49  Overseer x3  
  166  16:50  Baneling x4  
  166  16:51  Hydralisk x5  
  176  17:03  Viper x3  
  176  17:05  Zergling x4  
  185  17:12  Drone x3  
  185  17:14  Spore Crawler  
  155  17:26  Hydralisk x2, Zergling x22  
  155  17:27  Zergling x6  
  164  17:31  Zergling x12  
  170  17:40  Zergling x6  
  170  17:44  Baneling x2  
  173  17:45  Queen  
  173  17:47  Baneling x6  
  173  17:49  Baneling x12  
  175  17:55  Baneling x4  
  175  17:59  Zergling x32  
  175  18:01  Overseer  
  191  18:06  Overseer  
  191  18:07  Overlord, Hatchery  
  187  18:17  Zergling x14  
  191  18:20  Spore Crawler  
  191  18:24  Zergling x4  
  167  18:41  Zergling x36  
  167  18:46  Hydralisk x6  
  179  18:54  Zergling x10  
  166  19:01  Zergling x6  
  166  19:02  Baneling x4  
  169  19:04  Baneling x10  
  169  19:07  Zergling x16  
  177  19:16  Zergling x10  
  175  19:24  Baneling x3  
  152  19:34  Zergling x20  
  155  19:46  Hydralisk x2  
  155  19:47  Zergling x20  
  155  19:49  Overlord, Overseer x3  
  155  19:52  Hatchery x2  
  168  19:55  Hydralisk x3  
  143  20:18  Zergling x38  
  143  20:19  Baneling  
  143  20:20  Baneling x7  
  160  20:21  Overlord x3  
  160  20:25  Overlord  
  160  20:33  Baneling x5  
  160  20:34  Zergling x2  
  160  20:35  Overlord x4  
  161  20:36  Overlord  
  161  20:40  Spore Crawler  
  160  20:52  Zergling x32  
  176  20:59  Zergling x6  
  178  21:04  Drone  
  178  21:05  Drone x3  
  178  21:08  Zergling x22  
  185  21:15  Baneling  
  185  21:16  Baneling x7  
  185  21:17  Zergling x14  
  191  21:27  Zergling x18  
  200  21:38  Zergling x4  
  193  21:52  Zergling x2  
  193  21:53  Zergling x24  
  193  21:54  Baneling x9  
  200  21:59  Baneling  
  193  22:12  Zergling x18  
Tags
 
Add a new tag
Caveats
  • Supply blocks, unpowered buildings, or Contaminate may cause inaccurate times.
  • Supply counts are checked every 10 seconds.